 Dungeon Crawl Stone Soup version 0.29.1-12-g30fa7ad0bf (webtiles) character file.

Game seed: 6547674736789731108

357 Jaijje the Caller (level 6, -5/32 HPs)
             Began as a Kobold Summoner on Dec 29, 2022.
             Slain by an ogre
             ... wielding a +0 giant spiked club
              (23 damage)
             ... on level 4 of the Dungeon.
             The game lasted 00:19:52 (5292 turns).

Jaijje the Caller (Kobold Summoner)                 Turns: 5292, Time: 00:19:55

Health: -5/32      AC:  2    Str:  7    XL:     6   Next: 96%
Magic:  7/12       EV: 15    Int: 16    God:
Gold:   235        SH:  0    Dex: 16    Spells: 9/13 levels left

rFire   . . .      SeeInvis .   q - +0 club (spect)
rCold   . . .      Faith    .   (no shield)
rNeg    . . .      Spirit   .   a - +0 robe
rPois   .          Reflect  .   (no helmet)
rElec   .          Harm     .   (no cloak)
rCorr   .          Rampage  .   (no gloves)
Will    .....                   (no boots)
Stlth   +++.......              (no amulet)
HPRegen 0.10/turn               h - ring of wizardry
MPRegen 0.13/turn               (no ring)

@: no status effects
A: small, no large weapons, nightstalker 3
a: no special abilities


You were on level 4 of the Dungeon.
You visited 1 branch of the dungeon, and saw 4 of its levels.

You collected 235 gold pieces.

Inventory:

Hand Weapons
 q - a +0 spectral club (weapon)
Missiles
 j - 6 curare-tipped darts
 o - 10 poisoned darts
Armour
 a - a +0 robe (worn)
 n - a +0 robe
Jewellery
 f - an amulet of guardian spirit
 h - a ring of wizardry (left hand)
 t - a +6 ring of dexterity
Wands
 d - a wand of roots (7)
Scrolls
 e - 3 scrolls of identify
 i - a scroll of blinking
 l - a scroll of acquirement {unknown}
 m - a scroll of magic mapping
 p - a scroll of enchant weapon
 r - a scroll of vulnerability {unknown}
Potions
 b - a potion of magic
 c - 3 potions of cancellation
 g - a potion of heal wounds {unknown}
 k - a potion of might {unknown}


   Skills:
 - Level 2.4 Dodging
 - Level 2.7 Stealth
 + Level 4.4 Spellcasting
 * Level 6.6 Summonings


You had 9 spell levels left.
You knew the following spells:

 Your Spells              Type           Power      Damage    Failure   Level
a - Summon Small Mammal   Summ           96%        N/A       1%          1
b - Call Canine Familiar  Summ           24%        N/A       1%          3

Your spell library contained the following spells:

 Spells                   Type           Power      Damage    Failure   Level
 Call Imp                 Summ           24%        N/A       1%          2
 Summon Guardian Golem    Hex/Summ       14%        N/A       4%          3
 Freeze                   Ice            12%        1d4       6%          1
 Magic Dart               Conj           12%        1d3       6%          1
 Summon Lightning Spire   Summ/Air       14%        N/A       16%         4
 Frozen Ramparts          Ice            6%         1d1       19%         3
 Mephitic Cloud           Conj/Pois/Air  3%         N/A       19%         3
 Hailstorm                Conj/Ice       3%         3d3       52%         4


Dungeon Overview and Level Annotations

Branches:
Dungeon (4/15)
 Temple: D:4-7

Altars:
Makhleb


Innate Abilities, Weirdness & Mutations

You are small and have problems with some larger weapons.
You are completely attuned to the shadows.


Message History

The acid corrodes your rat!
Your rat is burned by acid!
The ogre hits your quokka with a +0 giant spiked club!!
Your quokka dies!
Your quokka's corpse disappears in a puff of smoke!
Your rat bites the jelly.
Your rat seems to be corroded for longer.
Your rat is burned by acid!
Your rat dies!
Your rat's corpse disappears in a puff of smoke!
You hit the jelly.
Your hands burn!
The jelly is heavily wounded.
Your +0 spectral club hits the jelly.
Your +0 spectral club is burned by acid!
Your spectral weapon shares its damage with you!
The jelly barely misses you. The jelly misses you.
Casting: Summon Small Mammal (safe; 1% risk of failure)
Confirm with . or Enter, or press ? or * to list all spells.
Your hound bites the ogre.
The jelly hits you.
You are splashed with acid!
The ogre attacks as you move away! The ogre misses you.
Your hound bites the jelly.
Your hound is burned by acid!
The jelly closely misses your hound. The ogre attacks as you move away!
The ogre barely misses you.
Your hound bites the jelly.
The jelly dies!
Your rat barely misses the ogre.
Your rat bites the ogre.
Your rat barely misses the ogre.
Casting: Summon Small Mammal (safe; 1% risk of failure)
Confirm with . or Enter, or press ? or * to list all spells.
Really walk into that dispersal trap?
You enter a dispersal trap!
Your hound blinks!
The ogre blinks! x2
Your rat blinks!
You blink.
The ogre hits you with a +0 giant spiked club!!
Ouch! That really hurt!
You die...

###### #....# ## #....#
.#
##....###########.###
########
###........§.§§.@......
........
..†.......§.§.hOr.....#
.....###
###.###############.#.#
.......< #....... ....
#.....r. #†.####### ...
#....... .........#
....S.r. ##>..###.#
....... ###..###.#
...... .......#.#
#.##..


You could see an ogre (ally target), a friendly hound (summoned) and a friendly
rat (summoned).

Vanquished Creatures
  2 orcs (D:4)
  2 ball pythons
  A goblin (D:2)
  A kobold (D:2)
  A bat (D:1)
  A rat (D:3)
8 creatures vanquished.

Vanquished Creatures (collateral kills)
  The ghost of Groucho the Digger, an amateur SpEE (D:3)
  A scorpion (D:4)
  A jelly (D:4)
  An orc priest (D:4)
  An iguana (D:4)
  A gnoll (D:1)
  8 adders
  A dart slug (D:1)
  4 orcs
  3 bats
  4 endoplasms
  4 goblins
  6 hobgoblins
  7 kobolds
  2 quokkas (D:1)
  8 ball pythons
  3 frilled lizards
  3 rats
59 creatures vanquished.

Grand Total: 67 creatures vanquished

Notes
Turn   | Place    | Note
-------+----------+-------------------------------------------
     0 | D:1      | Jaijje the Kobold Summoner began the quest for the Orb.
     0 | D:1      | Reached XP level 1. HP: 10/10 MP: 3/3
   262 | D:1      | Reached XP level 2. HP: 15/15 MP: 0/5
   682 | D:1      | Reached XP level 3. HP: 19/19 MP: 2/6
  1473 | D:2      | Reached skill level 5 in Summonings
  1473 | D:2      | Reached XP level 4. HP: 16/24 MP: 1/8
  2625 | D:3      | Learned a level 3 spell: Call Canine Familiar
  4202 | D:3      | Reached XP level 5. HP: 28/28 MP: 9/9
  4283 | D:3      | Found a runed translucent door.
  4290 | D:3      | Noticed Groucho's ghost (amateur SpEE)
  4347 | D:3      | Killed Groucho's ghost
  4348 | D:3      | Reached skill level 6 in Summonings
  4348 | D:3      | Reached XP level 6. HP: 25/32 MP: 1/11
  4577 | D:3      | Found a burning altar of Makhleb.
  5280 | D:4      | Noticed an ogre
  5292 | D:4      | Slain by an ogre

Illustrated notes

Levels and vault maps discovered:
D:1:      psy_arrival_statuary, layout_rooms
D:2:      layout_basic
D:3:      layout_basic, bloody_makhleb, ebering_ghost_sewer_d
D:4:      layout_basic, uniq_ijyb

Skill      XL: |  1  2  3  4  5  6 |
---------------+-------------------+-----
Summonings     | 5 6 |  6.6
Spellcasting   | 3 4 |  4.4
Dodging        | |  2.4
Stealth        | |  2.7

Action                   |  1- 3 |  4- 6 || total
-------------------------+-------+-------++-------
Melee: Unarmed           |    36 |    32 ||    68
       Punch             |       |     2 ||     2
       Club              |       |    11 ||    11
 Cast: Summon Small Mamm |    67 |    46 ||   113
       Call Canine Famil |       |    22 ||    22
  Use: Scroll            |       |    12 ||    12
 Stab: Sleeping          |     1 |     3 ||     4
Armor: Robe              |     8 |     7 ||    15
Dodge: Dodged            |    48 |    54 ||   102
